 Dungeon Crawl Stone Soup version 0.21.1-1-g345015f (webtiles) character file.

111 spiff the Chopper (level 4, 0/41 HPs)
             Began as a Hill Orc Monk on July 7, 2018.
             Slain by an orc
             ... wielding a +0 flail
              (9 damage)
             ... on level 3 of the Dungeon.
             The game lasted 00:04:52 (3226 turns).

spiff the Chopper (Hill Orc Monk)                   Turns: 3226, Time: 00:04:53

Health: 0/41       AC:  4    Str: 13 (14) XL:     4   Next: 92%
Magic:  4/4        EV: 13    Int: 10      God:
Gold:   105        SH:  0    Dex: 11 (13) Spells: 3/3 levels left

rFire    . . .     SeeInvis .   a - +0 hand axe
rCold    . . .     Gourm    .   (no shield)
rNeg     . . .     Faith    .   b - +0 robe
rPois    .         Spirit   .   (helmet restricted)
rElec    .         Reflect  .   (no cloak)
rCorr    .         Harm     .   (no gloves)
MR       ++...     Clarity  +   (no boots)
Stlth    ++........             (no amulet)
HPRegen  0.13/turn              k - ring of flight
MPRegen  0.09/turn              e - ring of protection from magic

@: no status effects
A: horns 1, yellow scales 1, clarity, magic resistance 1
a: Evoke Flight


You were on level 3 of the Dungeon.
You were not hungry.

You visited 1 branch of the dungeon, and saw 3 of its levels.

You collected 105 gold pieces.

Inventory:

Hand Weapons
 a - a +0 hand axe (weapon)
 i - a +0 war axe
Armour
 b - a +0 robe (worn)
Jewellery
 e - a ring of protection from magic (right hand)
 k - a ring of flight (left hand)
Scrolls
 f - a scroll of enchant armour {unknown}
 h - a scroll of identify {unknown}
 j - a scroll of remove curse
Books
 g - Sif Muna's Guide on Calling
   (You found it on level 2 of the Dungeon)

   Spells                             Type                      Level
   a - Summon Butterflies             Summoning                    1
Comestibles
 c - 6 rations
 d - a chunk of flesh


   Skills:
 + Level 4.6 Fighting
 + Level 4.9 Axes
 + Level 2.1 Armour
 + Level 3.0 Dodging
 - Level 1.5 Stealth


You had 3 spell levels left.
You didn't know any spells.

Dungeon Overview and Level Annotations

Branches:
Dungeon (3/15)

Altars:
Kikubaaqudgha
Sif Muna
Vehumet


Innate Abilities, Weirdness & Mutations

You have a pair of small horns on your head.
You are partially covered in yellow scales. (AC +2)
You possess an exceptional clarity of mind.
You are resistant to hostile enchantments. (MR+)


Message History

You resist with almost no effort.
You hit the orc priest.
The orc priest is almost dead.
The orc priest barely misses you.
You slash the orc priest!
You kill the orc priest!
You feel your intelligence returning.
You feel your dexterity returning.
Your Armour skill increases to level 2!
Your Dodging skill increases to level 3!
You barely miss the orc. The orc hits you with a flail.
You hit the orc but do no damage. The orc hits you with a flail.
* * * LOW HITPOINT WARNING * * *
You hit the orc but do no damage. You headbutt the orc, but do no damage.
You hit the orc.
The orc is moderately wounded.
The orc completely misses you.
You hit the orc but do no damage. You headbutt the orc, but do no damage.
The orc is moderately wounded.
The orc hits you with a flail!
You die...

...#...........##..#'##.....(....
#.##...##+#.....รท................
#.##...##.#......................
#.#....(#.#............))........
#.#....(#..........#..)<.....(...
#.#............#####..#.#+#.###.#
#.#....#######.........)# #.# #.#
#.#....################## #.# #.#
#.#...(.........@o...... #.# #.#
#.##...#################
#.............. ####...########
.....(......... ###############
##### ..... ..... ####


You could see an orc.

Vanquished Creatures
  An orc priest (D:3)
  Robin (D:3)
  An adder (D:2)
  An ooze (D:1)
  A worm (D:2)
  A dart slug (D:1)
  An orc (D:3)
  A giant cockroach (D:2)
  13 goblins
  7 hobgoblins
  11 bats
  A frilled lizard (D:1)
  7 kobolds
  7 rats
54 creatures vanquished.

Notes
Turn   | Place    | Note
-------+----------+-------------------------------------------
     0 | D:1      | spiff the Hill Orc Monk began the quest for the Orb.
     0 | D:1      | Reached XP level 1. HP: 19/19 MP: 1/1
   429 | D:1      | Reached XP level 2. HP: 21/27 MP: 2/2
   892 | D:1      | Reached skill level 1 in Armour
  1057 | D:1      | Reached XP level 3. HP: 33/33 MP: 3/3
  1375 | D:2      | Found a radiant altar of Vehumet.
  1382 | D:2      | Found an ancient bone altar of Kikubaaqudgha.
  1383 | D:2      | Found a deep blue altar of Sif Muna.
  1386 | D:2      | Identified Sif Muna's Guide on Calling
  2503 | D:3      | Noticed Robin
  2517 | D:2      | Reached XP level 4. HP: 35/40 MP: 4/4
  2650 | D:3      | Gained mutation: You are partially covered in yellow scales. (AC +2) [potion of mutation]
  2650 | D:3      | Gained mutation: You are resistant to hostile enchantments. (MR+) [potion of mutation]
  2650 | D:3      | Gained mutation: You possess an exceptional clarity of mind. [potion of mutation]
  2650 | D:3      | Gained mutation: You have a pair of small horns on your head. [potion of mutation]
  2954 | D:3      | Killed Robin
  3226 | D:3      | Slain by an orc

Skill      XL: |  1  2  3  4 |
---------------+-------------+-----
Armour         | 1 2 |  2.1
Fighting       | 4 |  4.6
Dodging        | 3 |  3.0
Axes           | |  4.9
Stealth        | |  1.5

Action                   |  1- 3 |  4- 6 || total
-------------------------+-------+-------++-------
Melee: Hand axe          |    98 |    59 ||   157
       War axe           |     9 |       ||     9
       Headbutt          |       |     6 ||     6
  Use: Scroll            |     2 |       ||     2
       Potion            |       |     4 ||     4
 Stab: Sleeping          |     2 |     1 ||     3
  Eat: Chunk             |     4 |     3 ||     7
Armor: Robe              |    11 |    23 ||    34
Dodge: Dodged            |    87 |    68 ||   155
